 Dungeon Crawl Stone Soup version 0.30-a0-368-g86fb4627a9 (webtiles) character file.

Game seed: 4370429192616844609

100 Manisia the Charlatan (level 5, -1/42 HPs)
             Began as a Formicid Wanderer on Nov 19, 2022.
             Slain by an orc priest
             ... wielding a +0 whip
              (6 damage)
             ... on level 3 of the Dungeon.
             The game lasted 00:05:31 (2348 turns).

Manisia the Charlatan (Formicid Wanderer)           Turns: 2348, Time: 00:05:32

Health: -1/42      AC:  3    Str: 14    XL:     5   Next: 3%
Magic:  5/5        EV: 10    Int: 10    God:
Gold:   140        SH:  5    Dex: 19    Spells: 4/4 levels left

rFire   . . .      SeeInvis +    l - +2 dagger (holy)
rCold   . . .      Faith    .    c - +0 buckler
rNeg    + . .      Spirit   .    e - +0 leather armour
rPois   .          Reflect  .    (helmet unavailable)
rElec   .          Harm     .    (no cloak)
rCorr   .          Rampage  .    (no gloves)
Will    +....                    (no boots)
Stlth   ++........               (no amulet)
HPRegen 0.27/turn                h - ring of positive energy
MPRegen 0.09/turn                n - ring of willpower

@: no status effects
A: permanent stasis, dig shafts and tunnels, antennae 3, four strong arms
a: Dig, Shaft Self


You were on level 3 of the Dungeon.
You visited 1 branch of the dungeon, and saw 3 of its levels.

You collected 140 gold pieces.

Inventory:

Hand Weapons
 a - a +1 dagger
 l - a +2 dagger of holy wrath (weapon)
Armour
 c - a +0 buckler (worn)
 e - a +0 leather armour (worn)
Jewellery
 h - a ring of positive energy (left hand)
 n - a ring of willpower (right hand)
Wands
 f - a wand of iceblast (4) (quivered)
Scrolls
 d - a scroll of fear
 i - 2 scrolls of teleportation
 o - a scroll of identify
Potions
 b - 3 potions of curing
 g - a potion of mutation
 j - a potion of ambrosia {unknown}
 k - 2 potions of lignification
 m - a potion of attraction {unknown}
 p - a potion of heal wounds {unknown}
 q - a potion of might {unknown}


   Skills:
 + Level 3.8 Fighting
 + Level 1.5 Short Blades
 + Level 2.0 Throwing
 * Level 3.1 Stealth
 - Level 3.2 Shields
 - Level 4.3 Evocations


You had 4 spell levels left.
You didn't know any spells.
Your spell library contained the following spells:

 Spells                   Type           Power      Damage    Failure   Level
 Tukima's Dance           Hex            0%         N/A       87%         3
 Passage of Golubria      Tloc           0%         N/A       99%         4
 Yara's Violent Unravell  Hex/Tmut       0%         3d3       100%        5
 Enfeeble                 Hex            0%         N/A       100%        7


Dungeon Overview and Level Annotations

Branches:
Dungeon (3/15)

Altars:

Annotations:
D:3 Sigmund


Innate Abilities, Weirdness & Mutations

You cannot be hasted, slowed, berserked, paralysed or teleported.
You can dig through walls and to a lower floor.
You have a pair of large antennae on your head. (SInv)
Your four strong arms can wield two-handed weapons with a shield.


Message History

An orc and 2 orc priests come into view.
The orc priest shouts!
The orc priest mumbles some strange prayers to Beogh against you.
You resist with some effort.
There are monsters nearby!
Aiming: Iceblast
Press: ? - help, Q - select action, (/) - cycle Shift-Dir - straight line, f - orc priest
Aim: an orc priest, wielding a +0 trident and wearing a +0 leather armour The mass of ice explodes!
The iceblast engulfs the orc priest!
The orc priest is severely wounded.
The iceblast engulfs the orc priest!
The orc priest is almost dead.
The orc priest calls upon Beogh to heal the orc priest.
The orc priest is healed somewhat.
You hit the orc priest.
The orc priest is heavily wounded.
The orc priest calls down the wrath of Beogh upon you.
Beogh smites you!
You hit the orc priest but do no damage.
The orc priest is heavily wounded.
The orc priest completely misses you. You block the orc priest's attack.
You hit the orc priest but do no damage.
The orc priest is heavily wounded.
The orc priest hits you from afar with a +0 trident.
The orc priest miscasts a cantrip.
You barely miss the orc priest.
The orc priest is heavily wounded.
The orc priest hits you from afar with a +0 trident.
The orc priest hits you with a +0 whip.
You barely miss the orc priest.
The orc priest is heavily wounded.
The orc priest mumbles some strange prayers to Beogh against you.
Beogh smites you! You block the orc priest's attack.
You hit the orc priest but do no damage.
The orc priest is heavily wounded.
The orc priest mumbles some strange prayers to Beogh against you.
Beogh smites you!
* * * LOW HITPOINT WARNING * * *
The orc priest hits you with a +0 whip.
You die...

###.......#
#......#
###..#..###
#......#
#########.#.....#
######.#
..............#.#
#..
.#######....#.#.#
### .# #...##.#.#
.# #......#.# .#
#.######.########
.# #.# #.@ooo....
.# #.# ##########
.#######>#
..<......#
##########


You could see 2 orc priests and an orc.

Vanquished Creatures
  Robin (D:3)
  A gnoll (D:1)
  2 adders (D:2)
  A worm (D:3)
  An orc (D:3)
  3 bats
  An endoplasm (D:1)
  2 giant cockroaches
  11 goblins
  6 hobgoblins
  3 jackals (D:3)
  5 kobolds
  2 quokkas
  4 ball pythons
  11 rats
54 creatures vanquished.

Notes
Turn   | Place    | Note
-------+----------+-------------------------------------------
     0 | D:1      | Manisia the Formicid Wanderer began the quest for the Orb.
     0 | D:1      | Manisia set off with the following items: a +0 dagger, a
                  | potion of curing, a +0 buckler, a scroll of fear, a +0
                  | leather armour, a wand of iceblast (3).
     0 | D:1      | Reached XP level 1. HP: 18/18 MP: 1/1
    84 | D:1      | Reached skill level 1 in Stealth
    84 | D:1      | Reached XP level 2. HP: 24/24 MP: 2/2
   254 | D:1      | Reached XP level 3. HP: 29/29 MP: 3/3
  1106 | D:2      | Reached skill level 1 in Short Blades
  1345 | D:2      | Reached XP level 4. HP: 34/36 MP: 4/4
  1748 | D:2      | Found a faded altar of an unknown god.
  1833 | D:3      | Noticed Robin
  1917 | D:3      | Killed Robin
  1985 | D:3      | Noticed Sigmund
  2213 | D:3      | Reached XP level 5. HP: 13/42 MP: 5/5
  2348 | D:3      | Slain by an orc priest

Illustrated notes

Levels and vault maps discovered:
D:1:      dpeg_arrival_ratfight, layout_basic
D:2:      layout_loops_corners, dilly_ecumenical_altar_fadedgnrine,
          minmay_pentomino_z4
D:3:      layout_basic, uniq_grinder, uniq_robin, uniq_sigmund

Skill      XL: |  1  2  3  4 |
---------------+-------------+-----
Stealth        | 1 2 3 |  3.1
Shields        | 3 |  3.2
Short Blades   | 1 |  1.5
Throwing       | 2 |  2.0
Fighting       | |  3.8
Evocations     | |  4.3

Action                   |  1- 3 |  4- 6 || total
-------------------------+-------+-------++-------
Melee: Dagger            |   153 |    80 ||   233
Evoke: Wand              |     2 |     6 ||     8
  Use: Scroll            |     3 |     7 ||    10
 Stab: Sleeping          |     5 |     1 ||     6
Armor: Leather armour    |    44 |    16 ||    60
Dodge: Dodged            |    67 |    34 ||   101
Block: Buckler           |    30 |    17 ||    47

Table legend: (Time is in decaauts)
 A = Elapsed time spent in this place.
 B = Non-inter-level travel time spent in this place.
 C = Inter-level travel time spent in this place.
 D = Time resting spent in this place.
 E = Time spent auto-exploring this place.
 F = Levels seen in this place.
 G = Mean time per level.
                   A        B        C        D        E       F      G
               +--------+--------+--------+--------+--------+-----+--------+
         Total |   2342 |   2275 |     67 |     81 |   1716 |   3 |  780.7 |
       Dungeon |   2342 |   2275 |     67 |     81 |   1716 |   3 |  780.7 |
               +--------+--------+--------+--------+--------+-----+--------+

Top non-repeatable levels by time:
     D:2: 1034 daAuts
     D:1: 868 daAuts
     D:3: 439 daAuts
